 Dungeon Crawl Stone Soup version 0.17.1-3-g152610e (webtiles) character file.

20725 Goblin1989 the Grappler (level 12, -12/97 HPs)
             Began as a Demonspawn Monk on Feb 25, 2016.
             Was a High Priest of Okawaru.
             Mangled by Rupert
             ... wielding a +5 executioner's axe of draining
              (31 damage)
             ... on level 3 of the Lair of Beasts.
             The game lasted 00:58:17 (15149 turns).

Goblin1989 the Grappler (Demonspawn Monk)          Turns: 15149, Time: 00:58:17

Health: -12/97     AC: 16    Str: 17    XL:     12   Next: 47%
Magic:  0/15       EV: 16    Int: 12    God:    Okawaru [*****.]
Gold:   362        SH:  0    Dex: 20    Spells: 0 memorised, 11 levels left

rFire  . . .     SeeInvis .       - Unarmed
rCold  + . .     Clarity  .     p - +7 Kryia's mail coat {DeviceHeal*2 rC+}
rNeg   . . .     SustAt   .     (no shield)
rPois  .         Gourm    .     (helmet restricted)
rElec  .         Spirit   +     v - +0 cloak
rCorr  .         Warding  .     (no gloves)
rMut   .         Stasis   .     (no boots)
MR     .....                    s - amulet of guardian spirit
Stlth  ++........               (no ring)
                                (no ring)

@: agile, about to teleport, heroism, very heavily drained, not resistant to
hostile enchantments, unstealthy
A: antennae 1, claws 2, hooves 1, demonic guardian 1, powered by death 3
a: Heroism, Finesse, Renounce Religion


You were on level 3 of the Lair of Beasts.
You worshipped Okawaru.
Okawaru was extremely pleased with you.
You were not hungry.

You visited 4 branches of the dungeon, and saw 18 of its levels.
You also visited: Sewer.

You collected 1454 gold pieces.
You spent 1092 gold pieces at shops.

Inventory:

Hand Weapons
 b - a +0 shortbow
 V - a +2 longbow of flaming
Missiles
 y - 28 arrows of frost
 z - 19 poisoned arrows
 A - 236 arrows (quivered)
 L - 9 arrows of flame
Armour
 p - the +7 Kryia's mail coat (worn) {DeviceHeal*2 rC+}
   (You found it on level 8 of the Dungeon)

   It protects you from cold.
 v - a +0 cloak (worn)
Jewellery
 d - an uncursed amulet of stasis
 s - an amulet of guardian spirit (around neck)
 Y - an uncursed ring of fire
 Z - an uncursed ring of fire
Wands
 h - a wand of invisibility (4)
 F - a wand of draining (6)
 H - a wand of fire (8)
 M - a wand of fireball (6)
 N - a wand of digging (14)
 P - a wand of fire (4)
 X - a wand of random effects (22)
Scrolls
 e - 4 scrolls of remove curse
 k - 2 scrolls of identify
 m - 3 scrolls of magic mapping {unknown}
 r - 2 scrolls of teleportation
 t - 4 scrolls of immolation {unknown}
 C - 3 scrolls of enchant armour {unknown}
 E - a scroll of vulnerability {unknown}
 G - 3 scrolls of noise {unknown}
 J - a scroll of enchant weapon {unknown}
 Q - 3 scrolls of amnesia
 R - a scroll of fear
 S - a scroll of acquirement {unknown}
Potions
 i - 4 potions of brilliance
 j - 3 potions of magic
 l - a potion of resistance {unknown}
 n - a potion of berserk rage {unknown}
 o - 5 potions of lignification
 q - a potion of beneficial mutation {unknown}
 u - 2 potions of curing
 w - 2 potions of cancellation
 x - 5 potions of flight
 D - a potion of agility
 K - a potion of cure mutation {unknown}
 O - 2 potions of invisibility
 W - a potion of experience {unknown}
Comestibles
 a - 15 bread rations
 f - 7 beef jerkies
 g - 4 slices of pizza
 B - 13 fruits
 T - 2 meat rations


   Skills:
 + Level 9.7(9.3) Fighting
 * Level 10.4(9.8) Bows
 + Level 6.9(6.8) Armour
 - Level 2.6(3.0) Dodging
 - Level 1.7(2.2) Stealth
 + Level 11.9(11.2) Unarmed Combat
 - Level 4.8(0.5) Invocations


You had 11 spell levels left.
You didn't know any spells.

Dungeon Overview and Level Annotations

Branches:
Dungeon (12/15)            Temple (1/1) D:4            Lair (3/8) D:11
    Orc (2/4) D:12
  Swamp: Lair:3-6    Shoals: Lair:3-6     Snake: Lair:3-6    Spider: Lair:3-6

Altars:
Ashenzari
Cheibriados
Dithmenos
Elyvilon
Fedhas
Gozag
Kikubaaqudgha
Makhleb
Nemelex Xobeh
Okawaru
Qazlal
Ru
Sif Muna
Trog
Vehumet
Yredelemnul
Zin
The Shining One

Shops:
D:10 [   D:12 ([   Orc:2 }

Annotations:
D:9 4 exclusions
Lair:3 Rupert


Innate Abilities, Weirdness & Mutations

You have a pair of small antennae on your head.
You have very sharp fingernails.
You have large cloven feet.
A weak demonic guardian rushes to your aid.
You regenerate a lot of health from kills.


Message History

You scratch Rupert but do no damage. Your kick misses Rupert.
Rupert is heavily wounded.
Rupert hits you with an executioner's axe of draining.
You feel drained.
You closely miss Rupert.
Rupert is heavily wounded.
Your Kryia's mail coat prevents you from hitting Rupert.
Your kick misses Rupert.
Rupert is heavily wounded.
Rupert hits you with an executioner's axe of draining!!
* * * LOW HITPOINT WARNING * * *
You feel drained.
* * * LOW HITPOINT WARNING * * *
Drink which item? (? for menu, Esc to quit)
Okay, then.
Read which item? (? for menu, Esc to quit)
As you read the scroll of teleportation, it crumbles to dust.
You feel strangely unstable.
Rupert hits you with an executioner's axe of draining!!
You die...

## #..### ####.........## P#
#...P###............)##
#####...............P.....### #
..##..............PP##......#####
........#.P##.....###..P#.....PP.
......#######.....##...(###......
....).# #.....#...#..###.....
#.....## ##..@.##..#####......
.......# #..@#....####....#..
##....## ###........#.PP..####.
.#....P# #.#.............## #.
.<....P# ###...#.........## ##
#.......# #).#####..#.#...## #
##...##..##### #####.....#
.###.###. ####.## ## ## #.## ##


You could see Rupert (berserk).

Vanquished Creatures
  Harold (Orc:1)
  3 hydras
  The ghost of F1L1N the Nimble, a novice TrBe of Trog (D:9)
  2 unseen horrors (D:10)
  An ugly thing (D:12)
  A black mamba (Lair:1)
  4 spiny frogs
  A komodo dragon (Lair:1)
  A gargoyle (D:10)
  A kobold demonologist (D:12)
  A fire drake (Lair:2)
  4 trolls
  3 blink frogs (Lair:3)
  9 hippogriffs
  A basilisk (Lair:3)
  A spriggan (D:7)
  4 yaks (Lair:3)
  A human (D:11)
  A steam dragon (D:11)
  A hungry ghost (D:9)
  5 wargs
  3 wolves (Lair:2)
  5 water moccasins
  13 orc warriors
  5 porcupines
  3 ice beasts
  3 sky beasts
  3 phantoms
  5 centaurs
  4 crocodiles
  9 giant frogs
  2 ogres
  2 big kobolds
  3 scorpions
  12 killer bees
  3 wights (D:8)
  An electric eel (Orc:1)
  A centaur zombie (D:7)
  A giant frog zombie (D:12)
  7 crimson imps
  A wasp zombie (D:7)
  3 hounds
  26 orc wizards
  3 jellies
  A giant frog skeleton (D:10)
  4 iguanas
  A gnoll shaman (D:6)
  9 orc priests
  5 worker ants
  A quasit (D:11)
  7 sheep (Lair:2)
  A worker ant zombie (D:10)
  2 hound skeletons (D:4)
  Robin (D:2)
  13 gnolls
  9 adders
  15 river rats
  2 shadow imps
  3 oozes
  An adder zombie (D:5)
  2 worms
  6 giant geckos
  99 orcs
  2 ball pythons
  8 bats
  3 giant cockroaches
  8 hobgoblins
  7 jackals
  19 kobolds
  A giant cockroach zombie (D:5)
  4 giant newts
  16 goblins
  A jackal zombie (D:5)
  2 quokkas
  A quokka skeleton (D:6)
  10 rats
429 creatures vanquished.

Vanquished Creatures (collateral kills)
  Psyche (D:8)
  A blink frog (Lair:3)
  A human (D:11)
  A hippogriff (D:9)
  Purgy (Sewer)
  A phantom (D:8)
  An ogre (D:8)
  A crocodile (Lair:1)
  A worker ant (D:8)
  2 kobolds (D:8)
  A quokka zombie (D:9)
12 creatures vanquished.

Vanquished Creatures (others)
  An orc wizard (D:8)
  2 orcs
3 creatures vanquished.

Grand Total: 444 creatures vanquished

Notes
Turn   | Place    | Note
--------------------------------------------------------------
     0 | D:1      | Goblin1989 the Demonspawn Monk began the quest for the Orb.
     0 | D:1      | Reached XP level 1. HP: 18/18 MP: 1/1
   302 | D:1      | Reached skill level 4 in Unarmed Combat
   309 | D:1      | Gained mutation: You have sharp fingernails. [demonic ancestry]
   309 | D:1      | Reached XP level 2. HP: 21/24 MP: 2/2
   970 | D:2      | Noticed Robin
   972 | D:2      | Gained mutation: You regenerate a little health from kills. [demonic ancestry]
   972 | D:2      | Reached XP level 3. HP: 24/29 MP: 3/3
  1037 | D:2      | Killed Robin
  1037 | D:2      | Reached skill level 5 in Unarmed Combat
  1176 | D:2      | Reached XP level 4. HP: 35/35 MP: 4/4
  1734 | D:3      | Reached XP level 5. HP: 35/41 MP: 5/5
  1778 | D:3      | Reached skill level 6 in Unarmed Combat
  2649 | D:4      | Found a staircase to the Ecumenical Temple.
  2659 | Temple   | Entered the Ecumenical Temple
  2716 | Temple   | Became a worshipper of Warmaster Okawaru
  2716 | Temple   | Reached * piety under Okawaru
  2716 | Temple   | Reached ** piety under Okawaru
  3017 | D:4      | Reached XP level 6. HP: 38/47 MP: 2/6
  3407 | D:5      | Entered Level 5 of the Dungeon
  3417 | D:5      | Reached skill level 7 in Unarmed Combat
  3828 | D:5      | Gained mutation: A weak demonic guardian rushes to your aid. [demonic ancestry]
  3828 | D:5      | Reached XP level 7. HP: 52/52 MP: 4/7
  3916 | D:5      | Reached skill level 8 in Unarmed Combat
  3973 | D:5      | Found a sparkling altar of Nemelex Xobeh.
  4007 | D:5      | Found an ancient bone altar of Kikubaaqudgha.
  4426 | D:6      | Reached *** piety under Okawaru
  4450 | D:6      | Reached skill level 1 in Bows
  4507 | D:6      | Reached skill level 9 in Unarmed Combat
  4507 | D:6      | Gained mutation: You regenerate health from kills. [demonic ancestry]
  4507 | D:6      | Reached XP level 8. HP: 53/58 MP: 6/8
  4573 | D:6      | Found a glowing drain.
  4592 | Sewer    | Entered a sewer
  4652 | Sewer    | Noticed Purgy
  4673 | Sewer    | Killed Purgy
  5099 | D:6      | Found a snail-covered altar of Cheibriados.
  5541 | D:7      | Reached **** piety under Okawaru
  5668 | D:7      | Noticed a troll
  5679 | D:7      | Killed a troll
  5679 | D:7      | Reached skill level 5 in Fighting
  5679 | D:7      | Gained mutation: You have a pair of small antennae on your head. [demonic ancestry]
  5679 | D:7      | Reached XP level 9. HP: 43/68 MP: 5/9
  5783 | D:7      | Found a basalt altar of Yredelemnul.
  5796 | D:7      | Found a bloodstained altar of Trog.
  6138 | D:8      | Found an opulent altar of Gozag.
  6149 | D:8      | Reached skill level 5 in Bows
  6485 | D:8      | Reached skill level 10 in Unarmed Combat
  6697 | D:8      | Noticed Psyche
  6713 | D:8      | Killed Psyche
  6713 | D:8      | Reached ***** piety under Okawaru
  6713 | D:8      | Received a gift from Okawaru
  6793 | D:8      | Noticed a hill giant
  7551 | D:9      | Gained mutation: You have very sharp fingernails. [demonic ancestry]
  7551 | D:9      | Reached XP level 10. HP: 66/77 MP: 10/10
  7627 | D:9      | Noticed F1L1N's ghost (novice TrBe)
  7644 | D:9      | Killed F1L1N's ghost
  7925 | D:9      | Found a sacrificial altar of Ru.
  8280 | D:9      | Reached skill level 1 in Invocations
  8323 | D:9      | Reached skill level 1 in Armour
  8388 | D:10     | Entered Level 10 of the Dungeon
  8416 | D:10     | Found Uschao's Armour Boutique.
  8509 | D:10     | Killed an unseen horror
  9182 | D:10     | Killed an unseen horror
  9182 | D:10     | Received a gift from Okawaru
  9194 | D:11     | Noticed a five-headed hydra
  9467 | D:11     | Found a staircase to the Lair.
  9627 | D:11     | Found an iron altar of Okawaru.
  9698 | D:11     | Killed a five-headed hydra
  9698 | D:11     | Received a gift from Okawaru
  9698 | D:11     | Reached skill level 11 in Unarmed Combat
  9698 | D:11     | Gained mutation: You regenerate a lot of health from kills. [demonic ancestry]
  9698 | D:11     | Reached XP level 11. HP: 72/86 MP: 6/14
  9992 | Lair:1   | Entered Level 1 of the Lair of Beasts
 10279 | D:12     | Found Plog's Weapon Boutique.
 10283 | D:12     | Found a staircase to the Orcish Mines.
 10309 | D:12     | Reached skill level 5 in Armour
 10312 | D:12     | Found Igotout's Armour Boutique.
 10759 | D:12     | Noticed a six-headed hydra
 10781 | D:12     | Killed a six-headed hydra
 11046 | Orc:1    | Entered Level 1 of the Orcish Mines
 11504 | Orc:1    | Noticed Harold
 11518 | Orc:1    | Killed Harold
 11838 | Orc:2    | Found Ziptaer's Gadget Shoppe.
 12230 | D:10     | Bought the cursed +0 gold dragon armour of the Hurricane {rPois rF+ rC+ Regen+} for 1092 gold pieces
 13223 | Lair:2   | Received a gift from Okawaru
 13223 | Lair:2   | Gained mutation: You have large cloven feet. [demonic ancestry]
 13223 | Lair:2   | Reached XP level 12. HP: 54/95 MP: 8/15
 14088 | Lair:3   | Reached skill level 10 in Bows
 14393 | Lair:3   | Noticed a seven-headed hydra
 14409 | Lair:3   | Killed a seven-headed hydra
 14417 | Lair:3   | Received a gift from Okawaru
 15102 | Lair:3   | Noticed Rupert
 15125 | Lair:3   | Paralysed by Rupert for 6 turns
 15134 | Lair:3   | Paralysed by Rupert for 2 turns
 15149 | Lair:3   | Mangled by Rupert

Action                   |  1- 3 |  4- 6 |  7- 9 | 10-12 || total
-------------------------+-------+-------+-------+-------++-------
Melee: Unarmed           |   125 |   183 |   414 |   933 ||  1655
 Fire: Shortbow          |       |       |     3 |    41 ||    44
Invok: Heroism           |       |     1 |     2 |    12 ||    15
       Finesse           |       |       |       |     3 ||     3
  Use: Scroll            |       |     1 |     9 |    12 ||    22
       Potion            |       |       |     2 |     4 ||     6
 Stab: Sleeping          |     6 |     3 |     2 |       ||    11
       Distracted        |       |       |     4 |     4 ||     8
  Eat: Chunk             |     1 |     4 |     9 |    15 ||    29
       Meat ration       |       |     1 |     1 |     1 ||     3
       Pizza             |       |       |       |     2 ||     2
       Royal jelly       |       |       |       |     2 ||     2
